Minoru, lawful male human Samurai # ------- ----- $ * #.......####################|...| # $ # #|{....| #|.).| ------ $ -------------- #|<.....# #|.[.| ##.....| # #|............| #-------# #|...| # |)r.j-#)###@G###|............| ## ### # #.[...#[#[# ----%- # #.......(.....| # # -------- ###----- # ### |............| * # ##########.......| # ####### # #####.............| # # # |.......#### $ ### # -----------.-- #### ##.......| # # # -----## -------- ### # # |...-## $ $ # # # |..>|# ## # # |...-# $ -------|-############### # ----- |.......|# ---.-|----- ---- |......[.[ $ * |.[.......| * $ |$$| |.+...``|# |.........| |$$| |...`...|# $ |.........| $ ---- $ * ---------# ----------- Minoru the Ninja Experience level: 6 Strength: 15 Dexterity: 16 Constitution: 18 Intelligence: 11 Wisdom: 8 Charisma: 7 Health: 0(57) Energy: 17(17) Def: 7 Gold: 456 Moves: 2318 Dungeon seed: FClcN_1alaMIJ7Cg Game ID: Minoru_1578483492 Your Inventory: Coins $ - 456 gold pieces Weapons a - an uncursed +0 katana (alternate weapon; not wielded) c - an uncursed +0 yumi d - 32 blessed +0 ya (in quiver) g - 11 uncursed +0 shuriken i - 10 uncursed +0 arrows j - an uncursed +0 orcish dagger r - the cursed -1 Demonbane (weapon in hand) w - an uncursed +0 wakizashi N - 14 cursed +0 arrows W - an uncursed +0 elven bow Armor q - an uncursed +0 orcish helm (being worn) y - an uncursed rustproof +0 splint mail (being worn) Comestibles b - an uncursed gunyoki Scrolls v - a cursed scroll of earth L - 4 cursed scrolls of magic mapping Spellbooks T - an uncursed spellbook of create monster U - an uncursed spellbook of force bolt Potions t - an uncursed potion of enlightenment z - an uncursed potion of restore ability C - 2 uncursed potions of gain energy K - a cursed potion of fruit juice M - a cursed potion of sake Rings h - an uncursed -3 ring of gain strength u - a cursed -1 ring of gain strength J - a cursed ring of free action (on left hand) Wands I - a cursed wand of secret door detection (0:10) Tools f - an uncursed blindfold O - a cursed credit card P - a cursed stethoscope Gems n - an uncursed worthless piece of yellowish brown glass Spells and supernatural/magical abilities: Name Level Category Fail Memory a - force bolt 1 attack 100% 34% H - haste self 3 escape 100% 71% O - create monster 2 clerical 100% 26% W - pray for help -- divine ? -- Your skills at the end: Fighting Skills martial arts [Basic] Weapon Skills short sword [Basic] long sword [Basic] bow [Basic] Spellcasting Skills Final Attributes: You were piously aligned. You were fast. You had free action. You are dead. Vanquished creatures: a leprechaun a wood nymph 7 Mordor orcs 2 rock piercers 2 yellow lights a violet fungus 4 elf zombies a little dog a floating eye a homunculus a rabid rat a giant bat an iguana a giant rat 2 cave spiders 9 garter snakes 2 geckos a kobold 3 goblins 2 sewer rats 2 grid bugs 5 lichens 2 kobold zombies 3 newts 56 creatures vanquished. Voluntary challenges: You were an atheist. You used a wielded weapon 90 times, starting on turn 1. You read items or engraved 22 times, starting on turn 813. You never genocided any monsters. You never polymorphed an object. You never changed form. You used no wishes. You never split a pudding. You never wrote Elbereth's name. You never violated your personal moral code. Dungeon overview: The Dungeons of Doom: levels 1 to 6 Level 1 a long staircase Level 2 some fountains stairs to The Gnomish Mines Level 3 a general store Level 4 a potion shop, a fountain Level 5 a potion shop Level 6 <- You were here a fountain The Gnomish Mines: Level 3 stairs to The Dungeons of Doom History has recorded: On T:1 you entered the Dungeons of Doom to retrieve the Amulet of Yendor! On T:265 you reached level 2 of The Dungeons of Doom. On T:343 you advanced to experience level 2. On T:462 you reached level 1 of The Gnomish Mines. On T:473 you reached level 3 of The Dungeons of Doom. On T:507 you reached level 4 of The Dungeons of Doom. On T:888 you advanced to experience level 3. On T:1047 you reached level 5 of The Dungeons of Doom. On T:1269 you reached level 6 of The Dungeons of Doom. On T:1315 you advanced to experience level 4. On T:1507 you advanced to experience level 5. On T:2131 you advanced to experience level 6. Score breakdown: Gold: 456 ( 9048 points) Experience: 6 levels (12456 points) Exploration: 6 levels ( 12.50%) ( 9784 points) Discoveries: 11 items ( 4.47%) ( 6343 points) Valuables value: (no points given unless you survive) Artifact value: 2500 (11559 points) Variety of kills: 24 monsters ( 6.30%) ( 7529 points) Turncount: 2318 turns ( -218 points) Survival: died (score multiplied by 80%) Total score: 45200 Latest messages: You hit the blue jelly. You are suddenly very cold! The blue jelly multiplies from your heat! You hear the footsteps of a guard on patrol. Never mind. Wow! This makes you feel great! (You can name a smoky potion from the item naming menu.) This tastes like chocolate juice. (You can name a purple-red potion from the item naming menu.) Ooph! This tastes like liquid fire! (You can name a dark potion from the item naming menu.) You sense the presence of monsters. You are almost hit by a crossbow bolt. You are hit by a crossbow bolt. You hear a crunching sound. You feel less confused now. The gnome king swings his crossbow. The gnome king hits! You hit the gnome king. The gnome king swings his crossbow. The gnome king hits! You die... Final status: Sayonara Minoru the Samurai, killed by a gnome king... You died in The Dungeons of Doom on dungeon level 6 with 45200 points, and 456 pieces of gold, after 2318 moves. You were level 6 with a maximum of 57 hit points when you died.